 Dungeon Crawl Stone Soup version 0.29.1-15-g9cfb28693d (console) character file.

Game seed: 3985474429780568810

106 Goreval the Firebug (level 4, -3/24 HPs)
             Began as a Deep Elf Fire Elementalist on Feb 23, 2023.
             Killed from afar by an orc wizard (8 damage)
             ... with a puff of flame
             ... on level 3 of the Dungeon.
             The game lasted 00:12:11 (2667 turns).

Goreval the Firebug (Deep Elf Fire Elementalist)    Turns: 2667, Time: 00:12:12

Health: -3/24      AC:  4    Str: 11    XL:     4   Next: 55%
Magic:  20/21      EV: 13    Int: 22    God:
Gold:   181        SH:  0    Dex: 15    Spells: 5/11 levels left

rFire   . . .      SeeInvis .   h - +0 dagger
rCold   x . .      Faith    .   (no shield)
rNeg    . . .      Spirit   .   a - +0 robe
rPois   .          Reflect  .   l - +2 hat
rElec   .          Harm     .   (no cloak)
rCorr   +          Rampage  .   (no gloves)
Will    .....                   (no boots)
Stlth   ++........              q - amulet of magic regeneration
HPRegen 0.08/turn               j - ring of resist corrosion
MPRegen 0.57/turn               u - ring "Jilonk" {+Blink rC- MP+9 Str+6 Slay+2}

@: no status effects
A: no striking features
a: Evoke Blink


You were on level 3 of the Dungeon.
You visited 1 branch of the dungeon, and saw 3 of its levels.

You collected 181 gold pieces.

Inventory:

Hand Weapons
 h - a +0 dagger (weapon)
 t - the +9 flail of Radicalism {venom, rElec Str-4 SInv Stlth+}
   (You found it on level 3 of the Dungeon)

   It poisons the flesh of those it strikes.
   Str:       It affects your strength (-4).
   rElec:     It insulates you from electricity.
   SInv:      It lets you see invisible.
   Stlth:     It makes you more stealthy.
Armour
 a - a +0 robe (worn)
 l - a +2 hat (worn)
Jewellery
 d - an amulet of regeneration
 j - a ring of resist corrosion (left hand)
 o - an amulet of the acrobat
 q - an amulet of magic regeneration (around neck)
 u - the ring "Jilonk" (right hand) {+Blink rC- MP+9 Str+6 Slay+2}
   (You found it on level 3 of the Dungeon)

   [ring of strength]

   Str:       It affects your strength (+6).
   Slay:      It affects your accuracy & damage with ranged weapons and melee
   (+2).
   rC:        It makes you vulnerable to cold.
   MP:        It affects your magic capacity (+9).
   +Blink:    It lets you blink.
Scrolls
 e - a scroll of fog {unknown}
 f - 3 scrolls of identify {unknown}
 m - a scroll of vulnerability {unknown}
 s - 2 scrolls of teleportation {unknown}
Potions
 b - a potion of magic
 c - 2 potions of degeneration {unknown}
 g - a potion of might {unknown}
 i - 4 potions of curing {unknown}
 k - a potion of heal wounds
 n - a potion of flight {unknown}
 p - a potion of cancellation {unknown}
 r - a potion of resistance {unknown}
 v - a potion of mutation {unknown}


   Skills:
 + Level 3.3 Dodging
 - Level 2.4 Stealth
 + Level 4.0 Spellcasting
 + Level 2.3 Conjurations
 * Level 4.5 Fire Magic


You had 5 spell levels left.
You knew the following spells:

 Your Spells              Type           Power      Damage    Failure   Level
a - Foxfire               Conj/Fire      76%        2x1d7     2%          1
b - Scorch                Fire           48%        2d7       2%          2
c - Conjure Flame         Conj/Fire      19%        6-21      9%          3

Your spell library contained the following spells:

 Spells                   Type           Power      Damage    Failure   Level
 Inner Flame              Hex/Fire       14%        N/A       13%         3
 Flame Wave               Conj/Fire      19%        2d7       28%         4


Dungeon Overview and Level Annotations

Branches:
Dungeon (3/15) Zot: 15333

Altars:


Message History

A magic dart appears from out of thin air!
The magic dart hits you.
* * * LOW HITPOINT WARNING * * *
Okay, then.
You blink.
You hear some strange, mumbled words.
You are confused.
It was a potion of heal wounds.
You feel much better.
You're too confused to cast spells.
You bump into the rock wall.
Something hits you.
You're too confused to cast spells.
You hear some strange, mumbled words.
You are more confused.
You hear some strange, mumbled words.
A magic dart appears from out of thin air!
The magic dart hits you.
Unknown command.
You're too confused to cast spells.
You bump into the rock wall.
You feel stable enough to blink again. Something hits you but does no damage.
Unknown command.
Something hits you.
You're too confused to move!
Something hits you. Something hits you.
* * * LOW HITPOINT WARNING * * *
Unknown command.
You closely miss something. Something hits you.
* * * LOW HITPOINT WARNING * * *
Unknown command.
You bump into the rock wall.
Something hits you but does no damage.
You bump into the rock wall.
You feel less confused. Something barely misses you.
You conjure some foxfire!
You hear some strange, mumbled words.
A puff of flame appears from out of thin air!
The puff of flame hits you!
You die...

... #..##.###.##.
#.########..##.# #.##†
#.#..........#(# #.##.
#.#.########.#.###.##.
#.#..........#.#...##.
#.#########..#.#.####.
##.......#.#..#.#...##.
#.....##.#....#.###.##.
#...§....#.#.##.#......
#.....####.#.##.#.#.##.
#..........#.#..#.#....
#......#####.#.##.####.
#......# #.#.##......
#......#####.#.####..#.
#............#........<
#...............######.
#####......................
#...................######.
# #.....####..........#
###. ...#### #.....#
#..........####...
.......## #...†.#
#########.......## #..####
#.....##### #..#######
##....## #.........# #.##
#.....# #.........# ###.#
##v...#### ###.......#
##...# #.# #@{))...#
#....#### ##..### #.#..
#v..###.## #....######..##
#.#.## #...#
#..####.)..#......####
#.#.#. .....#
##...................#
#.#.#. §≈...).#
#..>.......##.######.#
#.#.#. ......##
#.#...#.)..## #
#...#####.#.#. ≈≈..#.#
#.#####....# #.#.......#.#.
..≈....# #. #.)..#
#.#.#...#...## ≈≈.... ## #.
#....# #.#.#.#.#.#.#. #.
#....# #.#.#.#.#.#.#. #.
...... #.#.#.#.#.#...
#.#.#.#.#.#.##
^.#...#.#.#.## #####.#.#.##
#.#... ####


There were no monsters in sight!

Vanquished Creatures
  2 adders (D:2)
  A gnoll (D:1)
  3 worms
  5 dart slugs
  2 orcs (D:3)
  8 ball pythons
  3 bats
  3 endoplasms
  3 giant cockroaches (D:1)
  2 hobgoblins
  4 jackals (D:1)
  2 kobolds
  3 quokkas
  3 frilled lizards
  8 goblins
52 creatures vanquished.

Vanquished Creatures (others)
  208 foxfires
208 creatures vanquished.

Grand Total: 260 creatures vanquished

Notes
Turn   | Place    | Note
-------+----------+-------------------------------------------
     0 | D:1      | Goreval the Deep Elf Fire Elementalist began the quest for
                  | the Orb.
     0 | D:1      | Reached XP level 1. HP: 10/10 MP: 6/6
   128 | D:1      | Found a faded altar of an unknown god.
   203 | D:1      | Reached XP level 2. HP: 15/15 MP: 2/8
   206 | D:1      | Learned a level 2 spell: Scorch
   735 | D:1      | Reached XP level 3. HP: 19/19 MP: 4/9
   750 | D:1      | Learned a level 3 spell: Conjure Flame
  1613 | D:2      | Reached XP level 4. HP: 24/24 MP: 8/11
  2455 | D:3      | Identified the +9 flail of Radicalism {venom, rElec Str-4
                  | SInv Stlth+}
  2532 | D:3      | Identified the ring "Jilonk" {+Blink rC- MP+9 Str+6 Slay+2}
  2653 | D:3      | HP: 1/24 [something/magic dart (6)]
  2667 | D:3      | Killed from afar by an orc wizard

Illustrated notes

Levels and vault maps discovered:
D:1:      wander_arrival_desolate, layout_basic,
          ebering_ecumenical_altar_abandoned
D:2:      layout_loops_ring
D:3:      layout_basic, mainiacjoe_overflow_small_starburst,
          kennysheep_generic_room_4

Skill      XL: |  1  2  3  4 |
---------------+-------------+-----
Dodging        | 3 |  3.3
Fire Magic     | 4 |  4.5
Conjurations   | 2 |  2.3
Spellcasting   | 4 |  4.0
Stealth        | |  2.4

Action                   |  1- 3 |  4- 6 || total
-------------------------+-------+-------++-------
Melee: Unarmed           |     2 |       ||     2
       Dagger            |       |     4 ||     4
 Cast: Foxfire           |    83 |    57 ||   140
 Abil: Evoke Blink       |       |     1 ||     1
  Use: Potion            |       |     1 ||     1
Armor: Robe              |     2 |     7 ||     9
Dodge: Dodged            |     5 |     6 ||    11
